 Dungeon Crawl Stone Soup version 0.27.0-1-g7a089689b8 (webtiles) character file.

Game seed: 7142354610023518506

301 PentaManta the Cudgeller (level 6, -2/37 HPs)
             Began as a Gargoyle Monk on Aug 17, 2021.
             Killed from afar by Pikel (4 damage)
             ... with a puff of flame
             ... on level 3 of the Dungeon.
             The game lasted 00:07:40 (5083 turns).

PentaManta the Cudgeller (Gargoyle Monk)            Turns: 5083, Time: 00:07:41

Health: -2/37      AC: 12    Str: 16    XL:     6   Next: 37%
Magic:  6/6        EV: 10    Int: 11    God:
Gold:   233        SH:  0    Dex: 12    Spells: 5/5 levels left

rFire    . . .     SeeInvis .   a - +0 mace
rCold    . . .     Faith    .   (no shield)
rNeg     + . .     Spirit   .   q - +0 scale mail
rPois    ∞         Reflect  .   (no helmet)
rElec    +         Harm     .   n - +0 cloak
rCorr    .         Rampage  .   g - +0 pair of gloves
Will     .....                  (no boots)
Stlth    +.........             (no amulet)
HPRegen  0.12/turn              (no ring)
MPRegen  0.10/turn              (no ring)

@: no status effects
A: sickness immunity, AC +4, negative energy resistance 1, electricity
resistance, torment resistance 1, petrification resistance
a: no special abilities


You were on level 3 of the Dungeon.
You visited 1 branch of the dungeon, and saw 4 of its levels.

You collected 233 gold pieces.

Inventory:

Hand Weapons
 a - a +0 mace (weapon)
 f - a +0 whip
 v - a +2 dagger of venom
Missiles
 e - 3 atropa-tipped darts (quivered)
 j - 12 poisoned darts
 s - a throwing net
Armour
 b - a +0 robe
 g - a +0 pair of gloves (worn)
 n - a +0 cloak (worn)
 q - a +0 scale mail (worn)
 w - a +0 chain mail
Jewellery
 o - a ring of fire
Scrolls
 c - a scroll of blinking {unknown}
 i - a scroll of fog {unknown}
 k - a scroll of identify {unknown}
 l - a scroll of enchant armour {unknown}
 m - a scroll of teleportation {unknown}
 t - a scroll of enchant weapon {unknown}
Potions
 h - a potion of lignification {unknown}
 p - a potion of berserk rage {unknown}
 r - a potion of mutation {unknown}
 u - a potion of invisibility {unknown}


   Skills:
 - Level 3.2 Fighting
 + Level 7.0 Maces & Flails
 - Level 2.4 Dodging
 - Level 2.1 Stealth


You had 5 spell levels left.
You didn't know any spells.
Your spell library contained the following spells:

 Spells                   Type           Power      Damage    Failure   Level
 Ensorcelled Hibernation  Hex/Ice        0%         N/A       90%         2
 Slow                     Hex            0%         N/A       90%         2
 Confusing Touch          Hex            0%         N/A       99%         3
 Spider Form              Tmut/Pois      0%         N/A       99%         3
 Vampiric Draining        Necr           0%         2d6       99%         3
 Shadow Creatures         Summ           N/A        N/A       100%        6


Dungeon Overview and Level Annotations

Branches:
Dungeon (4/15)
 Temple: D:4-7

Altars:

Shops:
D:1 *

Annotations:
D:3 Pikel


Innate Abilities, Weirdness & Mutations

You are immune to sickness and miasma.
Your stone body is resilient. (AC +4)
You are immune to poison.
You resist negative energy. (rN+)
You are resistant to electric shocks. (rElec)
You are resistant to unholy torment.
You are immune to petrification.


Message History

Pikel is heavily wounded.
Pikel hits you but does no damage.
You closely miss Pikel.
Pikel is heavily wounded.
Pikel zaps a wand.
The puff of flame hits you!
You barely miss Pikel.
Pikel is heavily wounded.
Pikel hits you with a +1 whip of freezing.
Pikel freezes you.
You hit Pikel but do no damage.
Pikel is heavily wounded.
Pikel hits you with a +1 whip of freezing!
* * * LOW HITPOINT WARNING * * *
Pikel freezes you.
* * * LOW HITPOINT WARNING * * *
You feel much better. Pikel barely misses you.
You sock Pikel!
Pikel is severely wounded.
Pikel barely misses you.
You hit Pikel.
Pikel is severely wounded.
Pikel hits you with a +1 whip of freezing.
Pikel freezes you. Pikel closely misses you.
You closely miss Pikel.
Pikel is severely wounded.
Pikel zaps a wand.
The puff of flame misses you.
You hit Pikel.
Pikel is severely wounded.
Pikel zaps a wand.
The puff of flame hits you.
You closely miss Pikel.
Pikel is severely wounded.
Pikel says, "I'm sure they'll be treated well, anyway."
Pikel hits you with a +1 whip of freezing!
* * * LOW HITPOINT WARNING * * *
Pikel freezes you.
* * * LOW HITPOINT WARNING * * *
You miss Pikel.
Pikel is severely wounded.
Pikel zaps a wand.
The puff of flame hits you.
You die...

#.##.# #.##..#
#.##.#########.##).#
#.##...........##..#
#..................#
#################.##
#.# ############## #.#
)............#######.#
############...K@....#
###########


You could see Pikel.

Vanquished Creatures
  An ice beast (D:4)
  2 lemures (D:3)
  A water moccasin skeleton (D:4)
  Jessica (D:2)
  3 gnolls (D:4)
  A howler monkey skeleton (D:4)
  2 adders (D:2)
  A worm (D:2)
  A dart slug (D:2)
  3 orcs
  5 ball pythons
  8 bats
  5 endoplasms
  2 giant cockroaches
  7 goblins
  10 hobgoblins
  3 jackals (D:2)
  5 quokkas
  A frilled lizard (D:1)
  5 kobolds
  5 rats
72 creatures vanquished.

Notes
Turn   | Place    | Note
-------+----------+-------------------------------------------
     0 | D:1      | PentaManta the Gargoyle Monk began the quest for the Orb.
     0 | D:1      | Reached XP level 1. HP: 14/14 MP: 1/1
   150 | D:1      | Found Pisont's General Store.
   234 | D:1      | Reached XP level 2. HP: 19/19 MP: 2/2
   738 | D:1      | Reached skill level 4 in Maces & Flails
   962 | D:2      | Reached XP level 3. HP: 23/23 MP: 3/3
  1597 | D:2      | Noticed Jessica
  1608 | D:2      | HP: 1/23 [Jessica/nerve-wracking pain (7)]
  1613 | D:2      | HP: 1/23 [Jessica (1)]
  1616 | D:2      | Killed Jessica
  1617 | D:2      | Reached skill level 5 in Maces & Flails
  1617 | D:2      | Reached XP level 4. HP: 1/28 MP: 4/4
  3405 | D:3      | Found a faded altar of an unknown god.
  3540 | D:3      | Reached XP level 5. HP: 32/32 MP: 5/5
  3699 | D:4      | Noticed an ice beast
  3712 | D:4      | Killed an ice beast
  3713 | D:4      | Reached skill level 6 in Maces & Flails
  3727 | D:4      | Reached XP level 6. HP: 21/37 MP: 6/6
  4586 | D:4      | Reached skill level 7 in Maces & Flails
  4666 | D:4      | Noticed Pikel
  5083 | D:3      | Killed from afar by Pikel

Illustrated notes

Levels and vault maps discovered:
D:1:      shiori_shiawase, layout_basic, serial_shops, nicolae_lakefront_shop
D:2:      layout_rooms, minmay_misc_feat_diagonals, amethyst_killhole,
          uniq_jessica
D:3:      layout_loops_ring, hellmonk_ecumenical_altar_slurped_away
D:4:      layout_loops_corners, gammafunk_temple_overflow_wave,
          corexii_corridor_pit, uniq_pikel

Skill      XL: |  1  2  3  4  5  6 |
---------------+-------------------+-----
Maces & Flails | 4 5 6 7 |  7.0
Fighting       | |  3.2
Dodging        | |  2.4
Stealth        | |  2.1

Action                   |  1- 3 |  4- 6 || total
-------------------------+-------+-------++-------
Melee: Mace              |    23 |   133 ||   156
       Whip              |   124 |    35 ||   159
Throw: Dart              |       |     7 ||     7
  Use: Scroll            |     3 |       ||     3
       Potion            |     2 |     1 ||     3
 Stab: Sleeping          |     4 |     4 ||     8
Armor: Robe              |    52 |    34 ||    86
       Scale mail        |       |    40 ||    40
Dodge: Dodged            |   101 |   115 ||   216
